 Dungeon Sprint DCSS version 0.31-a0-18-gea43df2a32 (webtiles) character file.

Game seed: 12657716720213748689

297 sircluck the Unseen (level 6, -10/39 HPs)
             Began as a Kobold Brigand on May 9, 2023.
             Mangled by a slime creature (15 damage)
             ... in the Dungeon (Sprint I: "Red Sonja").
             The game lasted 00:00:59 (194 turns).

sircluck the Unseen (Kobold Brigand)                 Turns: 194, Time: 00:00:59

Health: -10/39     AC:  3    Str:  9    XL:     6   Next: 62%
Magic:  6/6        EV: 15    Int: 12    God:
Gold:   180        SH:  0    Dex: 18    Spells: 5/5 levels left

rFire   . . .        a - +2 dagger
rCold   . . .        (no shield)
rNeg    . . .        b - +0 robe
rPois   .            (no helmet)
rElec   .            c - +0 cloak
rCorr   .            (no gloves)
SInv    .            (no boots)
Will    .....        (no amulet)
Stlth   +++++++      (no ring)
HPRegen 0.26/turn    (no ring)
MPRegen 0.10/turn

%: no teleportation
@: no status effects
A: small, no large weapons, nightstalker 3
a: no special abilities


You were in the Dungeon.
You visited 1 branch You collected 180 gold pieces.

Inventory:

Hand Weapons
 a - a +2 dagger (weapon)
Missiles
 d - 5 poisoned darts (quivered)
 e - 3 curare-tipped darts
Armour
 b - a +0 robe (worn)
 c - a +0 cloak (worn)
 m - a +3 ring mail of fire resistance
Wands
 l - a wand of digging (6)
Potions
 h - a potion of haste
 i - 2 potions of magic


   Skills:
 + Level 4.5 Fighting
 + Level 5.5 Short Blades
 + Level 5.1 Throwing
 + Level 2.2 Dodging
 + Level 15.7 Stealth


You had 5 spell levels left.
You didn't know any spells.
Your spell library contained the following spells:

 Spells                   Type           Power      Damage    Failure   Level
 Lesser Beckoning         Tloc           0%         N/A       45%         2
 Gell's Gravitas          Tloc           0%         N/A       69%         3
 Teleport Other           Tloc           0%         N/A       69%         3


Dungeon Overview and Level Annotations

Branches:
Dungeon (1/1)

Altars:
Makhleb
Sif Muna
Vehumet
Wu Jian
Xom
Jiyva
Lugonu


Innate Abilities, Weirdness & Mutations

You are small and have problems with some larger weapons.
You are completely attuned to the shadows.


Message History

There is an open door here.
You open the door.
A slime creature comes into view.
Found four altars.
You throw a poisoned dart.
The poisoned dart completely misses the slime creature.
The slime creature quivers.
You throw a poisoned dart.
The poisoned dart hits the slime creature.
You throw a poisoned dart.
The poisoned dart hits the slime creature!
The slime creature is poisoned.
You barely miss the slime creature. The slime creature hits you!!
There is an open door here.
The slime creature attacks as you move away!
The slime creature misses you.
The slime creature attacks as you move away!
The slime creature hits you.
There is a broken door here.
Things that are here:
a +0 scythe; a +0 robe; the human corpse of Sigmund The slime creature attacks as you move away!
The slime creature hits you!
* * * LOW HITPOINT WARNING * * *
You feel better. The slime creature hits you!
* * * LOW HITPOINT WARNING * * *
You completely miss the slime creature.
The slime creature is lightly wounded.
You barely miss the slime creature.
The slime creature is lightly wounded.
The slime creature misses you.
You hit the slime creature.
The slime creature is lightly wounded.
The slime creature completely misses you.
You hit the slime creature.
The slime creature is moderately wounded.
You hit the slime creature.
The slime creature is moderately wounded.
The slime creature hits you!
You die...

################ ##
#<.#.)'@J#..'..#__#
#..)..#..)..#..'((+
#..#####'#####'#__#
#..# #..# #.# ##
#..# #### ##.# #..#
#+#_.+ #⌠⌠# +..._#
#### #_.#+# ##+


You could see a slime creature (poisoned).

Vanquished Creatures
  Sigmund (D)
  An ogre (D)
  A jelly (D)
  Ijyb (D)
4 creatures vanquished.

Notes
Turn   | Place    | Note
-------+----------+-------------------------------------------
     0 | D        | sircluck the Kobold Brigand began the quest for the Orb.
     0 | D        | Reached XP level 1. HP: 12/12 MP: 1/1
     1 | D        | Noticed Ijyb
     5 | D        | Killed Ijyb
     6 | D        | Reached skill level 8 in Stealth
     6 | D        | Reached XP level 2. HP: 18/18 MP: 2/2
     6 | D        | Reached XP level 3. HP: 22/22 MP: 3/3
    21 | D        | Noticed an ogre
    31 | D        | Killed an ogre
    32 | D        | Reached skill level 12 in Stealth
    32 | D        | Reached XP level 4. HP: 28/28 MP: 4/4
    32 | D        | Reached XP level 5. HP: 32/32 MP: 5/5
    93 | D        | Noticed Sigmund
   104 | D        | Killed Sigmund
   105 | D        | Reached skill level 5 in Short Blades
   105 | D        | Reached skill level 5 in Throwing
   105 | D        | Reached skill level 15 in Stealth
   105 | D        | Reached XP level 6. HP: 28/39 MP: 6/6
   163 | D        | Found an ornate altar of the Wu Jian Council.
   164 | D        | Found a shimmering blue altar of Sif Muna.
   165 | D        | Found a radiant altar of Vehumet.
   177 | D        | Found a burning altar of Makhleb.
   177 | D        | Found a viscous altar of Jiyva.
   177 | D        | Found a shimmering altar of Xom.
   177 | D        | Found a corrupted altar of Lugonu.
   177 | D        | Noticed a slime creature
   194 | D        | Mangled by a slime creature

Illustrated notes

Levels and vault maps discovered:
D:        dungeon_sprint_1 [red_sonja_temple_1, red_sonja_temple_small_1]

Skill      XL: |  1  2  3  4  5 |
---------------+----------------+-----
Short Blades   | 3 4 5 |  5.5
Stealth        | 8 12 15 | 15.7
Fighting       | 3 4 |  4.5
Throwing       | 3 5 |  5.1
Dodging        | 2 |  2.2

Action                     |  1- 3 |  4- 6 || total
---------------------------+-------+-------++-------
  Melee: Dagger            |     6 |     7 ||    13
  Throw: Dart              |       |     8 ||     8
    Use: Potion            |     1 |     2 ||     3
         Scroll            |     1 |       ||     1
   Stab: Sleeping          |     1 |     1 ||     2
  Dodge: Dodged            |     1 |     3 ||     4

Table legend: (Time is in decaauts)
 A = Elapsed time spent in this place.
 B = Non-inter-level travel time spent in this place.
 C = Inter-level travel time spent in this place.
 D = Time resting spent in this place.
 E = Time spent auto-exploring this place.
 F = Levels seen in this place.
 G = Mean time per level.
                   A        B        C        D        E       F      G
               +--------+--------+--------+--------+--------+-----+--------+
         Total |    201 |    195 |      6 |     63 |     86 |   1 |  201.0 |
       Dungeon |    201 |    195 |      6 |     63 |     86 |   1 |  201.0 |
               +--------+--------+--------+--------+--------+-----+--------+

Top non-repeatable levels by time:
       D: 201 daAuts
